 Dungeon Crawl Stone Soup version 0.27.1-35-g4d5d836560 (webtiles) character file.

Game seed: 1363274298803218682

122 Delamore the Sneak (level 5, -4/35 HPs)
             Began as an Octopode Brigand on Apr 18, 2022.
             Slain by Grinder (6 damage)
             ... on level 3 of the Dungeon.
             The game lasted 00:01:52 (2741 turns).

Delamore the Sneak (Octopode Brigand)               Turns: 2741, Time: 00:01:52

Health: -4/35      AC:  1    Str: 10    XL:     5   Next: 6%
Magic:  5/5        EV: 13    Int: 13    God:
Gold:   52         SH:  0    Dex: 15    Spells: 4/4 levels left

rFire    . . .     SeeInvis .   f - +0 whip (elec)
rCold    . . .     Faith    .   (no shield)
rNeg     . . .     Spirit   .   (helmet restricted)
rPois    .         Reflect  .   (no amulet)
rElec    .         Harm     .   (no ring)
rCorr    .         Rampage  .   (no ring)
Will     .....                  (no ring)
Stlth    ++++......             (no ring)
HPRegen  0.11/turn              (no ring)
MPRegen  0.09/turn              (no ring)
                                (no ring)
                                (no ring)

@: no status effects
A: almost no armour, amphibious, 8 rings, camouflage 1, gelatinous body 1,
(nimble swimmer 1), tentacles
a: no special abilities


You were on level 3 of the Dungeon.
You visited 1 branch of the dungeon, and saw 3 of its levels.

You collected 52 gold pieces.

Inventory:

Hand Weapons
 a - a +2 dagger
 f - a +0 whip of electrocution (weapon)
Missiles
 b - 8 poisoned darts (quivered)
 c - 2 curare-tipped darts
 h - a throwing net
 i - 8 atropa-tipped darts
Wands
 n - a wand of digging (6)
Scrolls
 g - a scroll of amnesia
 k - 4 scrolls of teleportation
 l - a scroll of fear
Potions
 d - a potion of mutation {unknown}
 e - 3 potions of curing {unknown}
 j - a potion of brilliance {unknown}
 m - a potion of degeneration {unknown}


   Skills:
 + Level 2.6 Fighting
 + Level 3.5 Short Blades
 - Level 2.0 Throwing
 + Level 2.0 Dodging
 + Level 6.3 Stealth


You had 4 spell levels left.
You didn't know any spells.
Your spell library contained the following spells:

 Spells                   Type           Power      Damage    Failure   Level
 Iskenderun's Battlesphe  Conj           0%         2d6       100%        5
 Iron Shot                Conj/Erth      0%         9d1       100%        6
 Spellforged Servitor     Conj/Summ      0%         N/A       100%        7


Dungeon Overview and Level Annotations

Branches:
Dungeon (3/15)

Altars:

Annotations:
D:3 Grinder


Innate Abilities, Weirdness & Mutations

You cannot wear most types of armour.
You are amphibious.
You can wear up to eight rings at the same time.
Your skin changes colour to match your surroundings (Stealth+).
Your rubbery body absorbs attacks. (AC +1, EV +1)
((You are camouflaged near water. (Stealth+)))
You have tentacles for arms and can constrict up to eight enemies at once.


Message History

You have reached level 5!
You feel agile.
You open the door.
There is an open door here.
Grinder comes into view.
She is carrying a wand of flame (19).
Grinder is nearby!
Grinder is nearby!
Grinder is nearby!
Grinder shouts!
Grinder zaps a wand.
The puff of flame misses you.
There are no items here.
You start waiting.
Grinder is nearby!
Grinder gestures at you. You resist with significant effort.
You hit Grinder but do no damage. Lightning courses through Grinder!
You grab Grinder.
Grinder is heavily wounded.
You constrict Grinder. Grinder gestures at you.
You suddenly lose the ability to move!
You lose your grip on Grinder.
Grinder gestures at you. Pain shoots through your body! Grinder hits you!
You writhe in agony.
You can move again.
You barely miss Grinder. You grab Grinder.
Grinder is heavily wounded.
You constrict Grinder, but do no damage.
Grinder closely misses you.
You hit Grinder. You squeeze Grinder, but do no damage.
Grinder is heavily wounded.
You constrict Grinder. Grinder hits you.
You writhe in agony.
You barely miss Grinder. You squeeze Grinder.
Grinder is severely wounded.
You constrict Grinder.
Grinder says, "You look like you could use a good racking."
Grinder hits you!
* * * LOW HITPOINT WARNING * * *
You writhe in agony.
You die...

# #.# #.#........ .
###.###.#.####..# .
..................## ##
.................5.... ........
###.#####.#####.#.#.####..#.#.# .
###.#..(..#####.............#.#..
..............................+..
###.#........##5###.####......#..
.............'..@.............. .
#............##.##............###
..#.##.########.# #..............
..#.##+### #.# ###.........##.
..[........ ... ...........###
.........#. ..# #......#.## #
.........# ...# #........####
.........# ...# # #............
##<......# #.#..........##


You could see Grinder.

Vanquished Creatures
  Jessica (D:2)
  A scorpion zombie (D:3)
  2 adders (D:2)
  A worm (D:2)
  2 dart slugs
  A ball python (D:1)
  5 bats
  2 endoplasms (D:2)
  9 hobgoblins
  4 jackals (D:2)
  2 kobolds
  2 quokkas (D:1)
  3 frilled lizards
  6 goblins
  3 rats
44 creatures vanquished.

Notes
Turn   | Place    | Note
-------+----------+-------------------------------------------
     0 | D:1      | Delamore the Octopode Brigand began the quest for the Orb.
     0 | D:1      | Reached XP level 1. HP: 14/14 MP: 1/1
     3 | D:1      | Noticed an electric eel
     4 | D:1      | Noticed an electric eel
   187 | D:1      | Reached XP level 2. HP: 19/19 MP: 2/2
   619 | D:1      | Found a faded altar of an unknown god.
   947 | D:1      | Reached XP level 3. HP: 19/24 MP: 3/3
  1389 | D:2      | Reached skill level 6 in Stealth
  1628 | D:2      | Reached XP level 4. HP: 18/29 MP: 4/4
  1966 | D:2      | Noticed Jessica
  1972 | D:2      | Killed Jessica
  2602 | D:3      | Reached XP level 5. HP: 22/35 MP: 5/5
  2729 | D:3      | Noticed Grinder
  2736 | D:3      | Paralysed by Grinder for 3 turns
  2741 | D:3      | Slain by Grinder

Illustrated notes

Levels and vault maps discovered:
D:1:      arrival_aquarium_b, layout_basic, ebering_ecumenical_altar_webs
D:2:      layout_basic, uniq_jessica
D:3:      layout_basic, small_statue_intersection, uniq_sigmund, uniq_grinder

Skill      XL: |  1  2  3  4 |
---------------+-------------+-----
Short Blades   | 3 |  3.5
Stealth        | 6 |  6.3
Dodging        | 2 |  2.0
Fighting       | |  2.6
Throwing       | |  2.0

Action                   |  1- 3 |  4- 6 || total
-------------------------+-------+-------++-------
Melee: Whip              |    59 |    31 ||    90
       Dagger            |     2 |       ||     2
       Constrict         |     9 |     7 ||    16
       Tentacles         |     4 |     7 ||    11
  Use: Scroll            |       |     3 ||     3
 Stab: Sleeping          |    15 |     8 ||    23
Armor: Skin              |     5 |     1 ||     6
Dodge: Dodged            |    52 |    12 ||    64
